 Dungeon Sprint DCSS version 0.29-a0-613-gf2c431b9b9 (webtiles) character file.

Game seed: 17045742503897719385

1781 mhtbhm the Summoner (level 9, -2/40 HPs)
             Began as a Vine Stalker Summoner on June 17, 2022.
             Was an Initiate of Gozag.
             Slain by a deep troll (14 damage)
             ... in the Dungeon (Sprint I: "Red Sonja").
             The game lasted 00:04:46 (1044 turns).

mhtbhm the Summoner (Vine Stalker Summoner)         Turns: 1044, Time: 00:04:47

Health: -2/40      AC:  5    Str: 10    XL:     9   Next: 8%
Magic:  0/24       EV: 13    Int: 19    God:    Gozag
Gold:   650        SH:  0    Dex: 16    Spells: 16/29 levels left

rFire   . . .      SeeInvis .     - Unarmed
rCold   . . .      Faith    .   (no shield)
rNeg    . . .      Spirit   +   a - +0 robe
rPois   .          Reflect  .   e - +2 helmet
rElec   .          Harm     .   (no cloak)
rCorr   .          Rampage  .   (no gloves)
Will    +....      NoTele   +   (no boots)
Stlth   ++++......              (no amulet)
HPRegen 0.93/turn               (no ring)
MPRegen 0.19/turn               (no ring)

@: no status effects
A: fangs 3, regeneration 1, magic shield, antimagic bite, no potion heal 2
a: Renounce Religion, Potion Petition, Call Merchant, Bribe Branch


You were in the Dungeon.
You worshipped Gozag.
Gozag was pleased with you.
You visited 1 branch You collected 725 gold pieces.
You spent 75 gold pieces at shops.

Inventory:

Armour
 a - a +0 robe (worn)
 e - a +2 helmet (worn)
Wands
 c - a wand of charming (6)
Scrolls
 f - 2 scrolls of blinking
Potions
 b - 3 potions of magic
 d - a potion of haste


   Skills:
 + Level 0.4 Fighting
 + Level 3.1 Dodging
 + Level 8.5 Stealth
 + Level 2.9 Unarmed Combat
 + Level 10.5 Spellcasting
 + Level 4.0 Hexes
 + Level 14.2 Summonings
 + Level 3.5 Air Magic
 + Level 2.0 Evocations


You had 16 spell levels left.
You knew the following spells:

 Your Spells              Type           Power      Damage    Failure   Level
a - Summon Small Mammal   Summ           100%       N/A       1%          1
b - Call Imp              Summ           59%        N/A       1%          2
c - Call Canine Familiar  Summ           59%        N/A       1%          3
d - Summon Guardian Gole  Hex/Summ       44%        N/A       1%          3
e - Summon Lightning Spi  Summ/Air       43%        N/A       1%          4

Your spell library contained the following spells:

 Spells                   Type           Power      Damage    Failure   Level


Dungeon Overview and Level Annotations

Branches:
Dungeon (1/1)

Altars:
Cheibriados
Dithmenos
Elyvilon
Fedhas
Gozag
Hepliaklqana
Kikubaaqudgha
Makhleb
Nemelex Xobeh
Okawaru
Qazlal
Ru
Sif Muna
Trog
Uskayaw
Vehumet
Wu Jian
Xom
Yredelemnul
Zin
The Shining One
Jiyva
Lugonu

Shops:
D *


Innate Abilities, Weirdness & Mutations

You have razor-sharp teeth.
Your natural rate of healing is unusually fast.
When hurt, damage is shared between your health and your magic reserves.
Your bite disrupts and absorbs the magic of your enemies.
Potions cannot restore your health.


Message History

Your crimson imp hits the deep troll.
Unknown command.
The deep troll closely misses your crimson imp.
The deep troll claws your crimson imp!
Your crimson imp dies!
Your crimson imp disappears in a puff of smoke!
Unknown command.
Unknown command.
You open the door.
Casting: Call Imp (safe; 1% risk of failure)
Confirm with . or Enter, or press ? or * to list all spells.
The deep troll shouts!
Unknown command.
Casting: Call Canine Familiar (safe; 1% risk of failure)
Confirm with . or Enter, or press ? or * to list all spells.
A guardian golem appears, shielding your allies.
Your warg barely misses the deep troll.
Unknown command.
The deep troll attacks as you move away!
The deep troll closely misses you. The deep troll claws you.
The deep troll claws you!!
There is an open door here.
Unknown command.
Your warg barely misses the deep troll.
Okay, then.
Okay, then.
Casting: Summon Guardian Golem (safe; 1% risk of failure)
Confirm with . or Enter, or press ? or * to list all spells.
Okay, then.
Casting: Summon Guardian Golem (safe; 1% risk of failure)
Confirm with . or Enter, or press ? or * to list all spells.
A beastly little devil appears in a puff of flame.
Your crimson imp says, "You called?"
The deep troll barely misses you. The deep troll claws you! x2
* * * LOW HITPOINT WARNING * * *
Your warg closely misses the deep troll.
The deep troll attacks as you move away!
The deep troll closely misses you. The deep troll claws you!
You die...
Your body crumbles into a pile of gold.

#..#####'#####'#__####...+
#..####..#...#.#### #####
#.)#__####..##.# $$
#..#_____##'#_.+
#⌠⌠#_.∩...'..._# $$
####_..__##8.#'#
$$#_____###'#)#$ $ $
##########)####+### $
.....5.@T9..'$$.$$+$
#++++####h.$####### $
##.## $#+#$ $ $ $ $ $ $ $


You could see a deep troll (ally target), a friendly guardian golem (summoned),
a friendly warg (summoned, sheltered) and a friendly crimson imp (summoned,
sheltered).

Vanquished Creatures
  Ijyb (D)
1 creature vanquished.

Vanquished Creatures (collateral kills)
  Sonja (D)
  2 kobold demonologists (D)
  A slime creature (D)
  Sigmund (D)
  A yak (D)
  A floating eye (D)
  A jelly (D)
8 creatures vanquished.

Vanquished Creatures (others)
  An ogre (D)
1 creature vanquished.

Grand Total: 10 creatures vanquished

Notes
Turn   | Place    | Note
-------+----------+-------------------------------------------
     0 | D        | mhtbhm the Vine Stalker Summoner began the quest for the
                  | Orb.
     0 | D        | Reached XP level 1. HP: 9/9 MP: 4/4
     4 | D        | Noticed Ijyb
    22 | D        | Killed Ijyb
    23 | D        | Reached skill level 6 in Summonings
    23 | D        | Reached XP level 2. HP: 13/13 MP: 2/6
    23 | D        | Reached XP level 3. HP: 16/16 MP: 2/8
    68 | D        | Noticed an ogre
    76 | D        | Noticed Sigmund
    80 | D        | Killed Sigmund
    81 | D        | Reached skill level 5 in Stealth
    81 | D        | Reached skill level 1 in Unarmed Combat
    81 | D        | Reached skill level 10 in Summonings
    81 | D        | Gained mutation: Your natural rate of healing is unusually
                  | fast. [Vine Stalker growth]
    81 | D        | Reached XP level 4. HP: 21/21 MP: 9/11
    81 | D        | Reached XP level 5. HP: 24/24 MP: 9/12
    82 | D        | Learned a level 2 spell: Call Imp
    91 | D        | Learned a level 3 spell: Call Canine Familiar
    95 | D        | Learned a level 3 spell: Summon Guardian Golem
   121 | D        | Killed an ogre
   122 | D        | Reached skill level 1 in Evocations
   122 | D        | Reached XP level 6. HP: 28/28 MP: 4/14
   221 | D        | Found an ornate altar of the Wu Jian Council.
   221 | D        | Found a shimmering blue altar of Sif Muna.
   223 | D        | Found a radiant altar of Vehumet.
   231 | D        | Learned a level 4 spell: Summon Lightning Spire
   240 | D        | Reached skill level 5 in Spellcasting
   240 | D        | Reached skill level 11 in Summonings
   323 | D        | Found Sauqouf's General Store.
   323 | D        | Found an ancient bone altar of Kikubaaqudgha.
   323 | D        | Found a hazy altar of Hepliaklqana.
   323 | D        | Found a stormy altar of Qazlal.
   323 | D        | Found a hide-covered altar of Uskayaw.
   323 | D        | Found a blossoming altar of Fedhas.
   323 | D        | Found a bloodstained altar of Trog.
   323 | D        | Found an iron altar of Okawaru.
   323 | D        | Found a basalt altar of Yredelemnul.
   323 | D        | Found a glowing golden altar of the Shining One.
   323 | D        | Found a snail-covered altar of Cheibriados.
   323 | D        | Found a sacrificial altar of Ru.
   323 | D        | Found a glowing silver altar of Zin.
   323 | D        | Found a shadowy altar of Dithmenos.
   323 | D        | Found a white marble altar of Elyvilon.
   323 | D        | Noticed a yak
   347 | D        | Found an opulent altar of Gozag.
   362 | D        | Killed a yak
   363 | D        | Reached skill level 1 in Hexes
   363 | D        | Reached skill level 12 in Summonings
   363 | D        | Reached XP level 7. HP: 32/32 MP: 7/17
   528 | D        | Found a sparkling altar of Nemelex Xobeh.
   535 | D        | Became a worshipper of Gozag Ym Sagoz the Greedy
   539 | D        | Bought a scroll of blinking for 75 gold pieces
   557 | D        | Found a burning altar of Makhleb.
   557 | D        | Found a viscous altar of Jiyva.
   557 | D        | Found a shimmering altar of Xom.
   557 | D        | Found a corrupted altar of Lugonu.
   557 | D        | Noticed a slime creature
   565 | D        | Killed a slime creature
   566 | D        | Reached skill level 1 in Air Magic
   645 | D        | Noticed a kobold demonologist
   649 | D        | Paralysed by a floating eye for 3 turns
   655 | D        | Killed a kobold demonologist
   656 | D        | Reached skill level 13 in Summonings
   656 | D        | Gained mutation: You have razor-sharp teeth. [Vine Stalker
                  | growth]
   656 | D        | Reached XP level 8. HP: 36/36 MP: 11/21
   717 | D        | Noticed a kobold demonologist
   726 | D        | Noticed an orange demon
   729 | D        | Killed a kobold demonologist
  1015 | D        | Noticed Sonja
  1018 | D        | Killed Sonja
  1019 | D        | Reached skill level 10 in Spellcasting
  1019 | D        | Reached skill level 14 in Summonings
  1019 | D        | Reached XP level 9. HP: 40/40 MP: 11/24
  1028 | D        | Noticed a deep troll
  1044 | D        | Slain by a deep troll

Illustrated notes

Levels and vault maps discovered:
D:        dungeon_sprint_1 [red_sonja_temple_1, red_sonja_temple_small_1]

Skill      XL: |  1  2  3  4  5  6  7  8 |
---------------+-------------------------+-----
Stealth        | 3 5 6 7 8 |  8.5
Summonings     | 6 10 12 13 14 | 14.2
Dodging        | 2 3 |  3.1
Unarmed Combat | 1 2 |  2.9
Spellcasting   | 4 6 8 10 | 10.5
Evocations     | 1 2 |  2.0
Hexes          | 1 2 4 |  4.0
Air Magic      | 2 3 |  3.5
Fighting       | |  0.4

Action                   |  1- 3 |  4- 6 |  7- 9 || total
-------------------------+-------+-------+-------++-------
Melee: Unarmed           |     9 |     1 |       ||    10
       Bite              |       |     1 |       ||     1
 Cast: Summon Small Mamm |     2 |     1 |     2 ||     5
       Summon Guardian G |       |     3 |     6 ||     9
       Call Canine Famil |       |     2 |     3 ||     5
       Call Imp          |       |     1 |     4 ||     5
       Summon Lightning  |       |     3 |     5 ||     8
Evoke: Wand              |     3 |       |       ||     3
  Use: Potion            |     2 |       |       ||     2
 Stab: Distracted        |     1 |       |       ||     1
       Sleeping          |       |     1 |       ||     1
Armor: Robe              |       |     2 |       ||     2
Dodge: Dodged            |     4 |     1 |     3 ||     8

Table legend: (Time is in decaauts)
 A = Elapsed time spent in this place.
 B = Non-inter-level travel time spent in this place.
 C = Inter-level travel time spent in this place.
 D = Time resting spent in this place.
 E = Time spent auto-exploring this place.
 F = Levels seen in this place.
 G = Mean time per level.
                   A        B        C        D        E       F      G
               +--------+--------+--------+--------+--------+-----+--------+
         Total |   1053 |   1053 |      0 |    691 |      0 |   1 | 1053.0 |
       Dungeon |   1053 |   1053 |      0 |    691 |      0 |   1 | 1053.0 |
               +--------+--------+--------+--------+--------+-----+--------+

Top non-repeatable levels by time:
       D: 1053 daAuts
